 Dungeon Crawl Stone Soup version 0.22-a0-231-g1b571ea (webtiles) character file.

113 seerdeer the Slasher (level 4, -4/29 HPs)
             Began as a Gargoyle Monk on Feb 20, 2018.
             Was a Believer of Dithmenos.
             Slain by scanevaro's ghost (13 damage)
             ... on level 4 of the Dungeon.
             The game lasted 00:36:54 (3013 turns).

seerdeer the Slasher (Gargoyle Monk)                Turns: 3013, Time: 00:36:55

Health: -4/29      AC: 12    Str: 16    XL:     4   Next: 96%
Magic:  4/4        EV: 11    Int: 10    God:    Dithmenos [**....]
Gold:   192        SH:  4    Dex: 12    Spells: 3/3 levels left

rFire    . . .     SeeInvis .   w - +3 mace
rCold    . . .     Gourm    .   (no shield)
rNeg     + . .     Faith    .   b - +3 ring mail
rPois    ∞         Spirit   .   (no helmet)
rElec    +         Reflect  .   (no cloak)
rCorr    .         Harm     .   (no gloves)
MR       .....                  e - +0 pair of boots
Stlth    +++.......             (no amulet)
HPRegen  0.09/turn              g - ring of stealth
MPRegen  0.09/turn              (no ring)

@: wreathed by umbra
A: large bone plates 1, negative energy resistance 1, electricity resistance,
unbreathing, evolution 1, petrification resistance, rot immunity, AC +3
a: Shadow Step, Renounce Religion


You were on level 4 of the Dungeon.
You worshipped Dithmenos.
Dithmenos was pleased with you.
You were not hungry.

You visited 1 branch of the dungeon, and saw 4 of its levels.

You collected 192 gold pieces.

Inventory:

Hand Weapons
 h - a +0 hunting sling
 r - a +2 dagger of protection
 w - a +3 mace (weapon)
Missiles
 s - 21 poisoned needles
 y - 16 sling bullets (quivered)
Armour
 b - a +3 ring mail (worn)
 e - a +0 pair of boots (worn)
Jewellery
 g - a ring of stealth (left hand)
Scrolls
 c - a scroll of enchant weapon
 f - 3 scrolls of teleportation
 z - a scroll of identify
Potions
 i - a potion of brilliance
 j - a potion of cancellation {unknown}
 k - a potion of magic
 m - a potion of agility {unknown}
 o - a potion of might
 q - 2 potions of degeneration {unknown}
Comestibles
 a - a chunk of flesh


   Skills:
 + Level 3.8 Fighting
   Level 3.8 Long Blades
 + Level 1.5(1.6) Throwing
 + Level 0.7 Armour
 + Level 2.6 Dodging
 + Level 2.4 Stealth


You had 3 spell levels left.
You didn't know any spells.

Dungeon Overview and Level Annotations

Branches:
Dungeon (4/15)
 Temple: D:4-7

Altars:
Dithmenos
Nemelex Xobeh
Trog
Wu Jian

Annotations:
D:4 scanevaro's ghost, amateur TrMo


Innate Abilities, Weirdness & Mutations

You are resistant to torment.
Your stone body is resilient. (AC +3)
You are immune to poison.
You resist negative energy. (rN+)
You are resistant to electric shocks. (rElec)
You can survive without breathing.
You are immune to petrification.
You are immune to rotting.
You are partially covered in large bone plates. (SH +4)
You evolve.


Message History

Scanevaro's ghost closely misses you.
You closely miss scanevaro's ghost.
Scanevaro's ghost is moderately damaged.
You block scanevaro's ghost's attack.
Scanevaro's ghost wails, "They lied to you.
The Dungeon just goes down and down forever."
Scanevaro's ghost hits you but does no damage.
You closely miss scanevaro's ghost.
Scanevaro's ghost is moderately damaged.
Scanevaro's ghost barely misses you.
You barely miss scanevaro's ghost.
Scanevaro's ghost is moderately damaged.
Scanevaro's ghost whispers, "Everlasting silence awaits you..."
Scanevaro's ghost closely misses you.
You hit scanevaro's ghost but do no damage.
Scanevaro's ghost is moderately damaged.
Scanevaro's ghost hits you!
* * * LOW HITPOINT WARNING * * *
Scanevaro's ghost barely misses you.
You feel better. Scanevaro's ghost hits you!
You die...

#.........
#.........
#........#
#........#
#(.......#
.........#
.....(...##
# #..W@..#
.#
#......#..#
#......#..#
##........#
###......##
#.......#
..
#.......#
...
#.####..#
...####'##
...


You could see scanevaro's ghost.

Vanquished Creatures
  4 adders
  An ooze (D:3)
  3 worms
  2 dart slugs
  6 leopard geckos
  An orc (D:3)
  4 bats
  4 giant cockroaches
  6 goblins
  4 hobgoblins
  3 jackals (D:2)
  6 frilled lizards
  3 kobolds
  9 rats
56 creatures vanquished.

Notes
Turn   | Place    | Note
-------+----------+-------------------------------------------
     0 | D:1      | seerdeer the Gargoyle Monk began the quest for the Orb.
     0 | D:1      | Reached XP level 1. HP: 14/14 MP: 1/1
   224 | D:1      | Reached XP level 2. HP: 19/19 MP: 2/2
   891 | D:1      | Reached XP level 3. HP: 24/24 MP: 3/3
  1492 | D:2      | Found an ornate altar of the Wu Jian Council.
  1495 | D:2      | Found a bloodstained altar of Trog.
  1498 | D:2      | Found a shadowy altar of Dithmenos.
  1638 | D:2      | Reached XP level 4. HP: 29/29 MP: 4/4
  1749 | D:2      | Found a sparkling altar of Nemelex Xobeh.
  2029 | D:2      | Became a worshipper of Dithmenos the Shadowed
  2029 | D:2      | Reached * piety under Dithmenos
  2029 | D:2      | Reached ** piety under Dithmenos
  2175 | D:3      | Reached skill level 1 in Throwing
  2183 | D:3      | Gained mutation: Your mind is acute. (Int +2) [potion of mutation]
  2183 | D:3      | Gained mutation: Your spells are a little harder to cast, but a little more powerful. [potion of mutation]
  2183 | D:3      | Lost mutation: Your spells are a little harder to cast, but a little more powerful. [potion of mutation]
  2183 | D:3      | Gained mutation: You are partially covered in molten scales. (AC +2) [potion of mutation]
  2623 | D:3      | Lost mutation: Your mind is acute. (Int +2) [potion of mutation]
  2623 | D:3      | Lost mutation: You are partially covered in molten scales. (AC +2) [potion of mutation]
  2623 | D:3      | Gained mutation: You are partially covered in large bone plates. (SH +4) [potion of mutation]
  2623 | D:3      | Gained mutation: You evolve. [potion of mutation]
  2995 | D:4      | Noticed scanevaro's ghost (amateur TrMo)
  3013 | D:4      | Slain by scanevaro's ghost

Vault maps used:
D:1:      saegor_arrival_simple_c
D:2:      marbit_many_paths, grunt_temple_overflow_diamond
D:3:      minmay_misc_feat_tiny
D:4:      zin_statuary, nicolae_ru_sacrificial_ziggurat, first_ration,
          uniq_sigmund, uniq_menkaure

Skill      XL: |  1  2  3  4 |
---------------+-------------+-----
Long Blades    | 3 |  3.8
Throwing       | 1 |  1.5
Fighting       | |  3.8
Armour         | |  0.7
Dodging        | |  2.6
Stealth        | |  2.4

Action                   |  1- 3 |  4- 6 || total
-------------------------+-------+-------++-------
Melee: Falchion          |   123 |    51 ||   174
       Mace              |       |    23 ||    23
 Fire: Hunting sling     |       |     8 ||     8
Throw: Stone             |    51 |    20 ||    71
  Use: Scroll            |     7 |     9 ||    16
       Potion            |     1 |     4 ||     5
 Stab: Sleeping          |     1 |       ||     1
  Eat: Ration            |     1 |     1 ||     2
       Chunk             |     1 |       ||     1
Armor: Robe              |    14 |       ||    14
       Chain mail        |    35 |       ||    35
       Ring mail         |    20 |    35 ||    55
Dodge: Dodged            |    74 |    49 ||   123
Block: Other             |       |     5 ||     5
       Rpst.: Falchion   |    25 |     7 ||    32

Table legend:
 A = Spawn XP
 B = Non-spawn XP
 C = Spawn XP percentage of total XP
 D = Spawn monster count
 E = Non-spawn monster count
 F = Spawn count percentage of total count
 G = Total turns spent on level
                    A         B        C        D         E        F      G
               +---------+---------+-------+---------+---------+-------+---------
         Total |       0 |     162 |   0.0 |       0 |      56 |   0.0 |  3013
               +---------+---------+-------+---------+---------+-------+---------
           D:1 |       0 |      40 |   0.0 |       0 |      25 |   0.0 |   926
           D:2 |       0 |      47 |   0.0 |       0 |      14 |   0.0 |  1236
           D:3 |       0 |      73 |   0.0 |       0 |      16 |   0.0 |   803
           D:4 |       0 |       2 |   0.0 |       0 |       1 |   0.0 |    48
               +---------+---------+-------+---------+---------+-------+---------
